 Dungeon Crawl Stone Soup version 0.19-a0-1834-g6b7851e (webtiles) character file.

3447 wazuzu the Martial Artist (level 9, -1/78 HPs)
             Began as a Green Draconian Transmuter on Oct 8, 2016.
             Was an Initiate of Ru.
             Slain by a killer bee (6 damage)
             ... on level 8 of the Dungeon on Oct 9, 2016.
             The game lasted 00:39:07 (7767 turns).

wazuzu the Martial Artist (DrTm)                    Turns: 7767, Time: 00:39:07

Health: -1/78      AC: 10    Str: 14    XL:     9   Next: 77%
Magic:  12/12      EV: 12    Int: 18    God:    Ru [......]
Gold:   341        SH:  0    Dex: 14    Spells: 4 memorised, 1 level left

rFire  . . .     SeeInvis .       - Unarmed
rCold  . . .     Gourm    +     (armour unavailable)
rNeg   . . .     Faith    .     (no shield)
rPois  +         Spirit   .     (helmet restricted)
rElec  .         Dismiss  .     (no cloak)
rCorr  .         Reflect  .     i - +1 pair of gloves
MR     .....     Harm     .     f - +0 pair of boots
Stlth  ++........ Rnd*Tele +    m - amulet of the gourmand
                                z - ring of stealth
                                y - ring of teleportation (curse)

@: brilliant, lethally poisoned (-1 -> -5), about to teleport, short of breath,
appendage, invisible
A: breathe noxious fumes, unfitting armour, horns 2, poison resistance,
cold-blooded, AC +7
a: Breathe Noxious Fumes, End Transformation, Renounce Religion


You were on level 8 of the Dungeon.
You worshipped Ru.
Ru was noncommittal.
You were not hungry.
You had grown temporary horns.
You visited 2 branches of the dungeon, and saw 9 of its levels.

You collected 341 gold pieces.

Inventory:

Missiles
 a - 84 arrows
Armour
 f - a +0 pair of boots (worn)
 i - a +1 pair of gloves (worn)
 v - the +3 warlock's mirror {reflect}
   (You found it on level 8 of the Dungeon)
Jewellery
 m - an amulet of the gourmand (around neck)
 y - a cursed ring of teleportation (left hand)
 z - a ring of stealth (right hand)
Scrolls
 j - a scroll of fear {unknown}
 k - a scroll of brand weapon
 l - a scroll of amnesia
 t - 3 scrolls of identify
 A - a scroll of enchant armour
Potions
 e - a potion of heal wounds {unknown}
 g - a potion of experience {unknown}
 h - a potion of ambrosia {unknown}
 o - a potion of might {unknown}
 r - a potion of beneficial mutation {unknown}
 w - a potion of degeneration {unknown}
Books
 b - a book of Changes

   Spells                             Type                      Level
   a - Beastly Appendage              Transmutation                1
   b - Sticks to Snakes               Transmutation                2
   c - Spider Form                    Transmutation/Poison         3
   d - Ice Form                       Ice/Transmutation            4
   e - Blade Hands                    Transmutation                5
 p - a book of Maledictions

   Spells                             Type                      Level
   a - Corona                         Hexes                        1
   b - Ensorcelled Hibernation        Hexes/Ice                    2
   c - Confuse                        Hexes                        3
   d - Tukima's Dance                 Hexes                        3
   e - Dazzling Spray                 Conjuration/Hexes            3
Comestibles
 c - 6 bread rations
 d - 4 meat rations
 s - 2 beef jerkies
 x - 7 slices of pizza


   Skills:
 - Level 6.6 Fighting
 - Level 1.7 Dodging
 + Level 10.5 Unarmed Combat
 - Level 2.0 Spellcasting
 - Level 6.4 Transmutations
 - Level 5.0 Poison Magic


You had one spell level left.
You knew the following spells:

 Your Spells              Type           Power        Failure   Level  Hunger
a - Beastly Appendage     Tmut           #####.       1%          1    #......
b - Sticks to Snakes      Tmut           #####...     1%          2    ###....
c - Blade Hands           Tmut           #####.....   5%          5    ######.
d - Spider Form           Tmut/Pois      ####......   1%          3    ###....


Dungeon Overview and Level Annotations

Branches:
Dungeon (8/15)             Temple (1/1) D:4
   Lair: D:8-11

Altars:
Ashenzari
Cheibriados
Dithmenos
Elyvilon
Fedhas
Gozag
Hepliaklqana
Makhleb
Nemelex Xobeh
Okawaru
Qazlal
Ru
Sif Muna
Trog
Uskayaw
Vehumet
Xom
Yredelemnul
The Shining One

Shops:
D:6 (


Innate Abilities, Weirdness & Mutations

You can breathe blasts of noxious fumes.
Your lurid green scales are hard. (AC +7)
You cannot fit into any form of body armour.
Your system is resistant to poisons. (rPois)
You are cold-blooded and may be slowed by cold attacks.
You have a pair of horns on your head.


Message History

The killer bee closely misses you.
The killer bee is engulfed in noxious fumes.
The killer bee appears confused.
The killer bee stings you.
* * * LOW HITPOINT WARNING * * *
The killer bee stings you!
* * * LOW HITPOINT WARNING * * *
The killer bee stings you but does no damage.
The killer bee is engulfed in noxious fumes.
The killer bee appears confused.
The killer bee barely misses you.
You feel sick.
The killer bee closely misses the killer bee.
The killer bee stings you.
* * * LOW HITPOINT WARNING * * *
The killer bee barely misses you.
The killer bee completely misses the killer bee.
It was a potion of invisibility.
You fade into invisibility!
* * * LOW HITPOINT WARNING * * *
You feel sick. The killer bee stings you.
You die...

#.....###....
##..#<......#
###.####....[
###........####
#...#.###### ###
..###...######## ..#
# .##
#..........###†##H.#
##
#..........##yyy.§#
#
#...........@..####
# #..........^y### #
#..........###
#####..........#
.##.=....##..###
......######.#
.#..### #.# .#.##
#.# .#.# #.#


You could see a hippogriff (confused) and 4 killer bees.

Vanquished Creatures
  A hippogriff (D:7)
  A human (D:7)
  4 hogs (D:7)
  A phantom (D:6)
  An orc warrior (D:7)
  A sky beast (D:7)
  The ghost of Shenda the Skirmisher, an amateur FoFi (D:3)
  5 ogres
  A big kobold (D:7)
  A bullfrog (D:6)
  A water moccasin zombie (D:7)
  2 scorpions
  2 killer bees (D:8)
  A howler monkey (D:6)
  4 wights
  2 bullfrog zombies (D:5)
  5 crimson imps
  A centaur zombie (D:7)
  A quasit (D:7)
  2 jellies (D:7)
  3 orc wizards
  An orc priest (D:3)
  6 hounds
  A bullfrog skeleton (D:6)
  Jessica (D:2)
  A gnoll shaman (D:4)
  An iguana (D:5)
  8 worker ants
  A hound zombie (D:3)
  3 hound skeletons
  A worker ant zombie (D:7)
  7 gnolls
  7 adders
  A river rat (D:3)
  A shadow imp (D:6)
  An adder skeleton (D:7)
  An adder zombie (D:7)
  4 worms
  2 dart slugs
  3 leopard geckos
  20 orcs
  9 bats
  6 giant cockroaches
  5 hobgoblins
  18 jackals
  9 kobolds
  A quokka (D:7)
  3 ball pythons
  A frilled lizard (D:5)
  7 goblins
  4 goblin skeletons (D:7)
  A goblin zombie (D:7)
  A hobgoblin zombie (D:7)
  A kobold skeleton (D:7)
  A leopard gecko skeleton (D:5)
  2 orc skeletons (D:7)
  An orc zombie (D:7)
  A quokka skeleton (D:4)
  A quokka zombie (D:6)
  7 rats
191 creatures vanquished.

Vanquished Creatures (others)
  4 toadstools (D:1)
4 creatures vanquished.

Grand Total: 195 creatures vanquished

Notes
Turn   | Place    | Note
-------+----------+-------------------------------------------
     0 | D:1      | wazuzu the Draconian Transmuter began the quest for the Orb.
     0 | D:1      | Reached XP level 1. HP: 16/16 MP: 3/3
   126 | D:1      | Reached XP level 2. HP: 20/23 MP: 3/5
   461 | D:1      | Reached skill level 4 in Unarmed Combat
   769 | D:1      | Reached XP level 3. HP: 18/28 MP: 4/6
  1164 | D:2      | Learned a level 2 spell: Sticks to Snakes
  1309 | D:2      | Reached XP level 4. HP: 35/35 MP: 5/7
  1335 | D:2      | Reached skill level 5 in Unarmed Combat
  1518 | D:2      | Noticed Jessica
  1530 | D:2      | Killed Jessica
  1673 | D:3      | Noticed Shenda's ghost (amateur FoFi)
  1864 | D:3      | You fall through a shaft for 2 floors!
  1864 | D:5      | Entered Level 5 of the Dungeon
  1906 | D:5      | Found a bloodstained altar of Trog.
  2041 | D:4      | Reached XP level 5. HP: 32/40 MP: 8/8
  2122 | D:3      | HP: 2/40 [orc priest/divine providence (13)]
  2149 | D:3      | Reached skill level 6 in Unarmed Combat
  2581 | D:3      | Killed Shenda's ghost
  2581 | D:3      | Reached skill level 7 in Unarmed Combat
  2581 | D:3      | Reached XP level 6. HP: 47/47 MP: 7/9
  3563 | D:4      | Reached skill level 8 in Unarmed Combat
  3594 | D:4      | Your scales start taking on a lurid green colour.
  3594 | D:4      | Reached XP level 7. HP: 29/52 MP: 10/10
  3594 | D:4      | Gained mutation: Your system is resistant to poisons. (rPois) [Green Draconian growth]
  4016 | D:4      | Found a staircase to the Ecumenical Temple.
  4020 | Temple   | Entered the Ecumenical Temple
  4035 | Temple   | Became a worshipper of Ru the Awakened
  4900 | D:5      | Reached XP level 8. HP: 50/67 MP: 11/11
  5071 | D:6      | Reached skill level 5 in Fighting
  5074 | D:6      | Reached skill level 5 in Transmutations
  5189 | D:6      | Found Takliupn's Antique Weapon Boutique.
  5228 | D:6      | Found a radiant altar of Vehumet.
  5798 | D:7      | Learned a level 5 spell: Blade Hands
  5802 | D:7      | Learned a level 3 spell: Spider Form
  5812 | D:7      | Noticed a hippogriff
  5833 | D:7      | Killed a hippogriff
  6053 | D:7      | Reached XP level 9. HP: 78/78 MP: 10/12
  6545 | D:7      | Reached skill level 5 in Poison Magic
  6804 | D:7      | Found a glowing golden altar of the Shining One.
  6916 | D:7      | Found a stormy altar of Qazlal.
  7078 | D:7      | Reached skill level 9 in Unarmed Combat
  7450 | D:7      | Reached skill level 10 in Unarmed Combat
  7767 | D:8      | Slain by a killer bee

Vault maps used:
D:1:      ldierk_walled_garden_2
D:2:      uniq_jessica
D:3:      portal_sewer_entry_b, minmay_misc_feat_pillars
D:5:      lemuel_coloured_pillars_altar, serial_curves, eino_curves_03,
          eino_curves_03, first_bread, grunt_ministairs_12
D:6:      old_standard_altar, serial_shops, kennysheep_little_box,
          lightli_ossuary_entry_decrepit_ruins
D:7:      nicolae_tso_besieged_by_evil, lemuel_round_altar, grunt_livestock
Temple:   minmay_freezing_vapour_temple

Skill      XL: |  1  2  3  4  5  6  7  8  9 |
---------------+----------------------------+-----
Unarmed Combat | 4 5 7 8 10 | 10.5
Fighting       | 4 6 |  6.6
Transmutations | 4 6 |  6.4
Poison Magic   | 3 5 |  5.0
Dodging        | |  1.7
Spellcasting   | |  2.0

Action                   |  1- 3 |  4- 6 |  7- 9 || total
-------------------------+-------+-------+-------++-------
Melee: Unarmed           |   164 |   191 |   443 ||   798
       Headbutt          |     8 |    16 |    38 ||    62
       Tailslap          |    12 |    24 |    59 ||    95
       Punch             |     2 |     5 |    18 ||    25
 Cast: Beastly Appendage |    14 |    11 |    32 ||    57
       Sticks to Snakes  |       |       |     4 ||     4
       Spider Form       |       |       |     1 ||     1
Invok: Reject Sacrifices |       |       |     1 ||     1
 Abil: Breathe Noxious F |       |       |     8 ||     8
  Use: Scroll            |       |    11 |     7 ||    18
       Potion            |       |     4 |     6 ||    10
 Stab: Sleeping          |       |     2 |     1 ||     3
       Confused          |       |       |     5 ||     5
  Eat: Chunk             |     2 |     1 |    13 ||    16
       Meat ration       |       |     2 |       ||     2
Armor: Skin              |    68 |    90 |   157 ||   315
Dodge: Dodged            |   131 |   135 |   299 ||   565
